 Dungeon Crawl Stone Soup version 0.31.0-32-g396128a36d (webtiles) character file.

Game seed: 9546680778112490748

14375 Fractals the Demolition Demonspawn (level 11, 0/81 HPs)
             Began as a Demonspawn Alchemist on Apr 9, 2024.
             Was an Elder of Makhleb.
             Slain by a cane toad (21 damage)
             ... on level 1 of the Lair of Beasts.
             The game lasted 01:25:58 (18517 turns).

Fractals the Demolition Demonspawn (DsAl)          Turns: 18517, Time: 01:25:59

Health: 0/81       AC:  8    Str: 13    XL:     11   Next: 87%
Magic:  30/30      EV: 13    Int: 16    God:    Makhleb [****..]
Gold:   661        SH:  0    Dex: 15    Spells: 4/24 levels left

rFire   . . .        b - +5 scimitar (protect)
rCold   . . .        (no shield)
rNeg    . . .        h - +0 troll leather armour
rPois   +            i - +0 helmet
rElec   .            o - +0 cloak
rCorr   .            C - +1 pair of gloves
SInv    .            p - +0 pair of boots
Will    .....        D - amulet of the acrobat
Stlth   +++          f - ring of poison resistance
HPRegen 1.13/turn    j - ring of magical power
MPRegen 0.44/turn

%: acrobat
@: no status effects
A: thin skeletal structure 1, ignite blood 1, magic regeneration, demonic touch
1
a: Renounce Religion, Minor Destruction, Lesser Servant of Makhleb, Major
Destruction


You were on level 1 of the Lair of Beasts.
You worshipped Makhleb.
Makhleb was greatly pleased with you.
You visited 3 branches of the dungeon, and saw 13 of its levels.

You collected 760 gold pieces.
You spent 99 gold pieces at shops.

Inventory:

Hand Weapons
 a - a +4 dagger
 b - a +5 scimitar of protection (weapon)
 z - a +4 trident of draining
Missiles
 s - 2 throwing nets
Armour
 h - a +0 troll leather armour (worn)
 i - a +0 helmet (worn)
 m - a +0 kite shield
 o - a +0 cloak (worn)
 p - a +0 pair of boots (worn)
 C - a +1 pair of gloves (worn)
Magical Staves
 u - a staff of earth
Jewellery
 c - a ring of fire
 f - a ring of poison resistance (left hand)
 j - a ring of magical power (right hand)
 w - a ring of protection from fire
 B - a ring of wizardry
 D - an amulet of the acrobat (around neck)
 N - a ring of protection from cold
Wands
 e - a wand of acid (14)
 g - a wand of iceblast (5)
 n - a wand of polymorph (5)
 F - a wand of mindburst (8)
 I - a wand of flame (13)
 L - a wand of charming (5)
Scrolls
 d - 2 scrolls of enchant weapon
 k - a scroll of immolation
 r - a scroll of amnesia
 y - a scroll of teleportation
 A - a scroll of poison {unknown}
Potions
 l - 3 potions of curing
 q - a potion of berserk rage {unknown}
 t - a potion of enlightenment
 v - a potion of cancellation
 x - a potion of haste
 J - 2 potions of brilliance
 M - a potion of might {unknown}


   Skills:
 + Level 6.0 Fighting
 - Level 3.5 Dodging
 - Level 4.0 Stealth
 - Level 7.0 Spellcasting
 - Level 6.0 Conjurations
 - Level 4.0 Translocations
 + Level 5.0 Air Magic
 - Level 6.0 Earth Magic
 - Level 8.0 Alchemy
 - Level 11.0 Invocations
 - Level 2.0 Evocations


You had 4 spell levels left.
You knew the following spells:

 Your Spells              Type           Power      Damage    Failure   Level
a - Sting                 Conj/Alch      100%       1d9       1%          1
b - Mercury Vapours       Alch/Air       52%        N/A       1%          2
c - Teleport Other        Tloc           18%        N/A       9%          3
d - Mephitic Cloud        Conj/Alch/Air  25%        N/A       3%          3
e - Brom's Barrelling Bo  Conj/Erth      24%        2d5       13%         4
f - Passwall              Erth           24%        N/A       4%          3
g - Olgreb's Toxic Radia  Alch           31%        N/A       6%          4

Your spell library contained the following spells:

 Spells                   Type           Power      Damage    Failure   Level
 Sandblast                Erth           48%        2d12      1%          1
 Apportation              Tloc           36%        N/A       3%          1
 Momentum Strike          Conj/Tloc      42%        3d9       3%          2
 Blink                    Tloc           36%        N/A       4%          2
 Lesser Beckoning         Tloc           36%        N/A       4%          2
 Stone Arrow              Conj/Erth      48%        3d10      4%          3
 Gell's Gravitas          Tloc           18%        N/A       9%          3
 Necrotise                Necr           20%        1d5       16%         1
 Summon Small Mammal      Summ           20%        N/A       16%         1
 Sticky Flame             Fire/Alch      18%        2d6       30%         4
 Flame Wave               Conj/Fire      15%        2d7       41%         4
 Call Canine Familiar     Summ           5%         N/A       43%         3
 Inner Flame              Hex/Fire       5%         N/A       43%         3
 Sigil of Binding         Hex            5%         N/A       43%         3
 Dimensional Bullseye     Hex/Tloc       6%         N/A       56%         4
 Summon Blazeheart Golem  Fire/Summ      5%         N/A       83%         4
 Dispersal                Tloc           9%         N/A       99%         6


Dungeon Overview and Level Annotations

Branches:
Dungeon (11/15)            Temple (1/1) D:5            Lair (1/5) D:11
    Orc (0/2) D:11

Altars:
Ashenzari
Cheibriados
Dithmenos
Fedhas
Gozag
Hepliaklqana
Kikubaaqudgha
Makhleb
Nemelex Xobeh
Okawaru
Qazlal
Ru
Sif Muna
Trog
Uskayaw
Vehumet
Wu Jian
Xom
Yredelemnul

Shops:
D:4 [

Annotations:
D:6 2 runed translucent doors


Innate Abilities, Weirdness & Mutations

You have a somewhat thin skeletal structure. (Dex +2, Stealth+)
Your demonic aura sometimes causes spilled blood to erupt in flames.
You regenerate magic rapidly.
Your touch may inflict minor irresistible damage on your foes.


Message History

You are too injured to fight recklessly!
You are too injured to fight recklessly!
You are too injured to fight recklessly!
You hit the cane toad but do no damage.
The cane toad is moderately wounded.
The cane toad completely misses you. The cane toad misses you.
You hit the cane toad.
The cane toad is moderately wounded.
The cane toad barely misses you. The cane toad stings you!!
* * * LOW HITPOINT WARNING * * *
You hit the cane toad. Your touch misses the cane toad.
The cane toad is moderately wounded.
The cane toad stings you.
* * * LOW HITPOINT WARNING * * *
A black bear comes into view.
You slash the cane toad!
The cane toad is severely wounded.
The cane toad misses you. The cane toad closely misses you.
Unknown command.
Aiming: Sting (safe; 1% risk of failure)
Press: ? - help, Q - select action, (/) - cycle Shift-Dir - straight line, f/p - cane toad
Aim: a cane toad (severely wounded, 81% to hit)
The sting misses the cane toad.
The cane toad stings you but does no damage.
Unknown command.
Aiming: Sting (safe; 1% risk of failure)
Press: ? - help, Q - select action, (/) - cycle Shift-Dir - straight line, f/p - cane toad
Aim: a cane toad (severely wounded, 81% to hit)
The sting hits the cane toad.
The cane toad partially resists.
The cane toad is severely wounded.
The cane toad stings you!
* * * LOW HITPOINT WARNING * * *
You are poisoned.
The cane toad poisons you!
* * * LOW HITPOINT WARNING * * *
You feel very sick.
The cane toad attacks as it pursues you!
The cane toad completely misses you.
You feel better. The cane toad stings you!!
You die...

##.#.## #.# #.#.P# ...#
#.#.P# ..# #.#.## . ..#
#.#.# .. #.. #†..# ... ##
#.# #.#.#
...#.##.####†#.## #####
#.....@....#.##.###[#.#
..##.#.F#.#...#.........
##..........#.#.......
#P..#.........#.......
..~~.~.#.....#.#.........
.~~≈~≈~~....#.............
~~~~≈≈≈≈h.................
~~~~≈~≈≈~.......P##.......
≈≈~~..≈≈h...##########.###


You could see a cane toad and a black bear.

Vanquished Creatures
  2 boulder beetles (D:10)
  2 two-headed ogres
  Pikel (D:5)
  A cyclops (D:10)
  3 slime creatures
  A black mamba (Lair:1)
  Jeremiah (D:6)
  3 komodo dragons (Lair:1)
  4 trolls
  A hornet (Lair:1)
  2 water elementals
  7 yaks (D:9)
  2 wyverns
  Grum (D:9)
  A basilisk (Lair:1)
  2 wraiths (D:11)
  Edmund (D:6)
  4 water moccasins
  A black bear (Lair:1)
  3 orc warriors
  A sky beast (D:7)
  An ogre (D:11)
  3 centaurs
  7 wolves
  A lemure (D:6)
  A phantom (D:6)
  4 kobold brigands
  Blork the orc (D:4)
  5 scorpions
  5 bullfrogs
  5 gnoll sergeants
  A wyvern zombie (D:7)
  13 wights
  4 killer bees (D:8)
  7 electric eels (D:11)
  A howler monkey (D:5)
  A centaur zombie (D:7)
  5 hounds
  5 orc priests
  5 bombardier beetles
  3 gnoll boudas
  A jelly (D:7)
  2 sleepcaps
  Ijyb (D:3)
  5 orc wizards
  Natasha (twice) (D:4)
  4 iguanas
  Robin (D:3)
  28 gnolls
  12 adders
  2 shadow imps (D:7)
  3 white imps
  3 dart slugs
  3 ribbon worms
  29 orcs
  8 endoplasms
  5 giant cockroaches
  18 goblins
  13 hobgoblins
  A jackal (D:2)
  8 quokkas
  6 ball pythons
  6 bats
  5 frilled lizards (D:1)
  17 kobolds
  3 rats
308 creatures vanquished.

Vanquished Creatures (collateral kills)
  3 boulders
3 creatures vanquished.

Vanquished Creatures (others)
  An electric eel (D:11)
  An orc (D:11)
  5 boulders
7 creatures vanquished.

Grand Total: 318 creatures vanquished

Notes
Turn   | Place    | Note
-------+----------+-------------------------------------------
     0 | D:1      | Fractals the Demonspawn Alchemist began the quest for the
                  | Orb.
     0 | D:1      | Reached XP level 1. HP: 13/13 MP: 3/3
   130 | D:1      | Reached skill level 1 in Fighting
   154 | D:1      | Gained mutation: Your touch may inflict minor irresistible
                  | damage on your foes. [demonic ancestry]
   154 | D:1      | Reached XP level 2. HP: 15/21 MP: 0/5
   445 | D:1      | Gained mutation: You have a somewhat thin skeletal
                  | structure. (Dex +2, Stealth+) [demonic ancestry]
   445 | D:1      | Reached XP level 3. HP: 25/27 MP: 4/6
   834 | D:2      | Gained mutation: Your demonic aura sometimes causes spilled
                  | blood to erupt in flames. [demonic ancestry]
   834 | D:2      | Reached XP level 4. HP: 25/33 MP: 5/7
  1111 | D:2      | Learned a level 2 spell: Mercury Vapours
  1642 | D:2      | Reached XP level 5. HP: 38/38 MP: 6/8
  1678 | D:2      | Found a hide-covered altar of Uskayaw.
  1850 | D:3      | Found a hide-covered altar of Uskayaw.
  1850 | D:3      | Noticed a +0 dagger
  1850 | D:3      | Noticed a +0 hand axe
  2461 | D:3      | You fall into a shaft and drop 2 floors!
  2461 | D:5      | Entered Level 5 of the Dungeon
  2612 | D:5      | Learned a level 3 spell: Teleport Other
  2618 | D:5      | Found a staircase to the Ecumenical Temple.
  2631 | Temple   | Entered the Ecumenical Temple
  2641 | Temple   | Became a worshipper of Makhleb the Destroyer
  2698 | D:5      | Gained mutation: You regenerate magic rapidly. [demonic
                  | ancestry]
  2698 | D:5      | Reached XP level 6. HP: 44/44 MP: 8/10
  2997 | D:3      | Noticed Robin
  3013 | D:3      | Killed Robin
  3017 | D:3      | Noticed Ijyb
  3077 | D:3      | Killed Ijyb
  3787 | D:4      | Reached * piety under Makhleb
  3788 | D:4      | Reached skill level 1 in Invocations
  3842 | D:4      | Learned a level 3 spell: Mephitic Cloud
  3948 | D:4      | Found Kudeor's Antique Armour Shoppe.
  3964 | D:4      | Bought a cloak for 99 gold pieces
  4009 | D:4      | Found a bloodstained altar of Trog.
  4085 | D:4      | Reached skill level 2 in Invocations
  4127 | D:4      | Noticed Natasha
  4133 | D:4      | Killed Natasha
  4150 | D:4      | Reached XP level 7. HP: 37/52 MP: 8/11
  4436 | D:4      | Noticed Blork the orc
  4445 | D:4      | Killed Blork the orc
  4446 | D:4      | Reached skill level 3 in Invocations
  4863 | D:4      | Noticed Natasha
  4867 | D:4      | Killed Natasha
  4868 | D:4      | Reached skill level 5 in Alchemy
  4962 | D:4      | Reached skill level 4 in Invocations
  5165 | D:5      | Reached skill level 5 in Invocations
  6341 | D:5      | Reached XP level 8. HP: 44/58 MP: 11/13
  6567 | D:6      | Noticed Pikel
  6589 | D:5      | Killed Pikel
  6830 | D:6      | Noticed Jeremiah
  6960 | D:6      | Noticed Edmund
  6982 | D:6      | Killed Edmund
  6982 | D:6      | Reached ** piety under Makhleb
  7104 | D:6      | Noticed a troll
  7126 | D:5      | Killed a troll
  7127 | D:5      | Reached skill level 5 in Spellcasting
  7127 | D:5      | Reached skill level 6 in Invocations
  7127 | D:5      | Reached XP level 9. HP: 25/65 MP: 8/16
  7279 | D:6      | Found a runed translucent door.
  7295 | D:6      | Found a runed translucent door.
  7764 | D:6      | Killed Jeremiah
  7765 | D:6      | Reached skill level 7 in Invocations
  8856 | D:7      | Learned a level 4 spell: Brom's Barrelling Boulder
  9133 | D:7      | Found a basalt altar of Yredelemnul.
  9139 | D:7      | Reached skill level 5 in Fighting
  9139 | D:7      | Reached skill level 8 in Invocations
  9715 | D:8      | Reached skill level 1 in Earth Magic
 10014 | D:8      | Found a radiant altar of Vehumet.
 10061 | D:8      | Reached *** piety under Makhleb
 10307 | D:8      | Found a sacrificial altar of Ru.
 10820 | D:9      | Reached XP level 10. HP: 63/75 MP: 17/17
 11721 | D:9      | Noticed Grum
 11745 | D:9      | Killed Grum
 11753 | D:9      | Reached skill level 9 in Invocations
 12295 | D:9      | Reached skill level 10 in Invocations
 12336 | D:9      | Reached skill level 1 in Evocations
 12365 | D:9      | Found a hazy altar of Hepliaklqana.
 12510 | D:10     | Entered Level 10 of the Dungeon
 12553 | D:10     | Learned a level 3 spell: Passwall
 12563 | D:10     | Noticed a two-headed ogre
 12569 | D:10     | Killed a two-headed ogre
 12570 | D:10     | Reached skill level 5 in Conjurations
 12570 | D:10     | Reached skill level 5 in Earth Magic
 12682 | D:10     | Noticed a boulder beetle
 12854 | D:10     | Killed a boulder beetle
 12855 | D:10     | Reached XP level 11. HP: 30/81 MP: 10/20
 13018 | D:10     | Found an ornate altar of the Wu Jian Council.
 13740 | D:10     | Noticed a boulder beetle
 13762 | D:10     | Killed a boulder beetle
 14312 | D:10     | HP: 2/81 [troll (10)]
 15155 | D:11     | Found a staircase to the Orcish Mines.
 15216 | D:11     | Found a staircase to the Lair.
 15275 | D:10     | Reached **** piety under Makhleb
 15541 | D:11     | Noticed a two-headed ogre
 15605 | D:11     | Killed a two-headed ogre
 15606 | D:11     | Reached skill level 5 in Air Magic
 15898 | D:11     | Learned a level 4 spell: Olgreb's Toxic Radiance
 17879 | Lair:1   | Entered Level 1 of the Lair of Beasts
 18347 | Lair:1   | Reached skill level 11 in Invocations
 18352 | Lair:1   | Paralysed by a hornet for 3 turns
 18517 | Lair:1   | Slain by a cane toad

Illustrated notes

Levels and vault maps discovered:
D:1:      tarquinn_simple_flora_water_a, layout_rooms
D:2:      layout_loops_corners, basic_altar, st_stairs_2,
          grunt_decor_resistance, minmay_divided_ellipse
D:3:      layout_loops_corners, dancing_weapons_uskayaw,
          chequers_serial_rivers_small_b, reono_crystal_passage,
          minmay_goblin_outpost, uniq_robin, uniq_ijyb
D:4:      layout_layer_cave, mainiacjoe_overflow_cross_hatched, trog_book,
          serial_shops, nicolae_shop_advertising_works
          [nicolae_subvault_shop_adworks], cheibrodos_sewer_entry_drain,
          uniq_natasha, uniq_blork_the_orc
D:5:      layout_loops_corners, minmay_temple_entry_statues_pillars,
          chequers_serial_rivers_large_b
D:6:      lemuel_insect_pit, layout_basic, uniq_pikel, uniq_jeremiah,
          uniq_edmund
D:7:      layout_loops_cross, lemuel_zombie_altar_yredelemnul,
          lightli_ossuary_entry_decrepit_ruins
D:8:      layout_cave_pods, nicolae_elyvilon_temple_path, lemuel_tele_altar,
          vehumet_altar_wand_db
D:9:      layout_basic, nicolae_hepliaklqana_hazy_memory, uniq_grum
D:10:     layout_basic, mainiacjoe_overflow_24_doors, grunt_ministairs_15,
          grunt_decor_fettered
D:11:     layout_basic, lair_entry_dummy,
          kennysheep_orc_monster_closet_entryway, gauntlet_entry_generic
Temple:   hellmonk_temple_forest_ring
Lair:1:   layout_loops_ring, infiniplex_staircase_pool_2

Skill      XL: |  1  2  3  4  5  6  7  8  9 10 11 |
---------------+----------------------------------+-----
Stealth        | 2 3 4 |  4.0
Fighting       | 1 2 3 4 5 6 |  6.0
Alchemy        | 4 5 6 8 |  8.0
Conjurations   | 2 3 4 5 6 |  6.0
Spellcasting   | 3 5 6 7 |  7.0
Air Magic      | 2 3 4 5 |  5.0
Invocations    | 2 5 6 8 10 11 | 11.0
Translocations | 3 4 |  4.0
Dodging        | 2 3 |  3.5
Earth Magic    | 2 5 6 |  6.0
Evocations     | 2 |  2.0

Action                     |  1- 3 |  4- 6 |  7- 9 | 10-12 || total
---------------------------+-------+-------+-------+-------++-------
  Melee: Dagger            |    64 |   163 |   165 |       ||   392
         Touch             |    10 |    34 |    65 |    57 ||   166
         Punch             |     1 |     2 |     6 |     4 ||    13
         Scimitar          |       |       |    70 |   283 ||   353
         Trident           |       |       |    63 |       ||    63
   Cast: Sting             |    43 |    57 |   112 |   127 ||   339
         Mercury Vapours   |       |    11 |     9 |     4 ||    24
         Mephitic Cloud    |       |     1 |    16 |    23 ||    40
         Teleport Other    |       |       |     1 |     1 ||     2
         Brom's Barrelling |       |       |       |    13 ||    13
  Evoke: Wand              |       |       |     1 |     7 ||     8
    Use: Scroll            |       |     5 |     6 |    12 ||    23
         Potion            |       |     3 |     1 |     5 ||     9
   Stab: Sleeping          |     4 |     3 |     3 |     3 ||    13
         Distracted        |       |     1 |       |       ||     1
         Confused          |       |       |     4 |     8 ||    12
 Armour: Robe              |    30 |    87 |   203 |   231 ||   551
         Skin              |       |     1 |       |       ||     1
         Troll leather arm |       |       |       |    75 ||    75
  Dodge: Dodged            |    32 |    82 |   225 |   284 ||   623
